Map: Automaton LE

Players

Stoics - Winner!

  • Race: Protoss Protoss
  • League: Bronze
  • Spawn Location: 3:00

Seph

  • Race: Protoss Protoss
  • League: Bronze
  • Spawn Location: 9:00

VOD

Have the link to the VOD?

Description

Time

  • Played on: Feb. 15, 2019, 9:58 p.m.
  • Length: 7:08
Show
View Real Time Build Order
Export as new Build Order

Stoics Protoss - Winner!

Build Orders:  

Get SALT Encoding   

  12  0:03  Probe  
  13  0:15  Probe  
  14  0:24  Pylon  
  15  0:28  Probe  
  15  0:42  Probe  
  16  0:48  Gateway  
  16  0:54  Probe  
  17  1:06  Probe  
  18  1:13  Pylon  
  18  1:14  Probe  
  19  1:22  Assimilator  
  19  1:24  Assimilator  
  19  1:50  Forge  
  19  1:52  Zealot  
  21  1:56  Probe  
  21  1:59  Cybernetics Core  
  22  2:04  Probe  
  22  2:13  Probe  
  23  2:15  Warp Gate  
  24  2:25  Probe  
  25  2:32  Pylon  
  25  2:37  Probe  
  25  2:40  Pylon  
  25  2:43  Gateway  
  26  2:45  Pylon  
  26  2:49  Probe  
  27  2:51  Photon Cannon  
  27  2:58  Sentry  
  29  3:01  Probe  
  30  3:16  Pylon  
  30  3:41  Twilight Council  
  30  3:55  Nexus  
  30  4:07  Blink  
  30  4:09  Probe  
  31  4:14  Stalker x2  
  35  4:21  Gateway, Probe  
  35  4:26  Gateway  
  35  4:33  Probe  
  35  4:36  Photon Cannon  
  36  4:59  Protoss Ground Weapons Level 1  
  36  5:03  Stalker x2  
  40  5:14  Probe  
  40  5:15  Probe  
  42  5:26  Probe  
  42  5:27  Probe  
  44  5:35  Assimilator  
  44  5:39  Assimilator  
  44  5:42  Stalker x2  
  44  5:43  Pylon, Stalker  
  44  5:49  Stalker  
  51  6:12  Stalker x2  
  51  6:13  Stalker x2  
  55  7:02  Stalker x4  
Show
View Real Time Build Order
Export as new Build Order

Seph Protoss 

Build Orders:  

Get SALT Encoding   

  12  0:11  Probe  
  12  0:12  Pylon  
  12  0:19  Probe  
  14  0:37  Gateway  
  14  0:39  Probe  
  15  1:09  Probe  
  16  1:21  Probe  
  16  1:25  Gateway  
  17  1:28  Zealot  
  19  1:33  Probe  
  20  1:42  Assimilator  
  20  1:45  Assimilator  
  20  1:59  Cybernetics Core  
  20  2:00  Zealot  
  22  2:10  Forge  
  21  2:27  Probe  
  22  2:35  Pylon x2  
  22  2:37  Pylon  
  22  2:38  Probe  
  23  2:49  Probe  
  24  3:06  Probe  
  25  3:14  Probe  
  26  3:23  Probe  
  25  3:34  Zealot  
  25  3:35  Zealot  
  29  3:47  Twilight Council  
  29  3:50  Robotics Facility  
  29  3:59  Nexus  
  29  4:04  Assimilator  
  29  4:08  Assimilator  
  29  4:12  Pylon  
  29  4:15  Pylon  
  29  4:34  Protoss Shields Level 1  
  31  4:51  Warp Prism  
  25  5:07  Dark Shrine  
  25  5:17  Zealot  
  27  5:24  Zealot  
  27  5:25  Immortal  
  33  5:32  Probe  
  34  5:45  Zealot  
  36  5:51  Zealot  
  38  6:05  Gateway  
  38  6:08  Gateway  
  38  6:12  Probe  
  39  6:20  Probe  
  40  6:30  Probe  
  37  6:42  Probe  
  33  6:54  Probe  
Tags
 
Matchup
PvP
Spawn Locations
Cross Positions
Add a new tag
Caveats
  • Supply blocks, unpowered buildings, or Contaminate may cause inaccurate times.
  • Supply counts are checked every 10 seconds.